 Dungeon Crawl Stone Soup version 0.26-a0-712-ga5a9c9c9d0 (webtiles) character file.

Game seed: 17394353062031607115

14 GordonOverkill the Chiller (level 2, -4/13 HPs)
             Began as a Spriggan Ice Elementalist on Nov 1, 2020.
             Slain by a gnoll
             ... wielding a +0 spear
              (10 damage)
             ... on level 1 of the Dungeon.
             The game lasted 00:01:32 (808 turns).

GordonOverkill the Chiller (SpIE)                    Turns: 808, Time: 00:01:32

Health: -4/13      AC:  2    Str:  4    XL:     2   Next: 27%
Magic:  5/7        EV: 18    Int: 16    God:
Gold:   9          SH:  0    Dex: 16    Spells: 6/7 levels left

rFire    . . .     SeeInvis +   g - +0 spear (curse)
rCold    . . .     Faith    .   (shield restricted)
rNeg     . . .     Spirit   .   a - +0 robe
rPois    .         Reflect  .   (helmet restricted)
rElec    .         Harm     .   (no cloak)
rCorr    .         Rampage  .   (gloves unavailable)
MR       .....                  (boots unavailable)
Stlth    ++........             (no amulet)
HPRegen  0.04/turn              (no ring)
MPRegen  0.10/turn              (no ring)

@: very quick
A: very small, unfitting armour, see invisible, speed 3
a: no special abilities


You were on level 1 of the Dungeon.
You visited 1 branch of the dungeon, and saw 1 of its levels.

You collected 9 gold pieces.

Inventory:

Hand Weapons
 g - a cursed +0 spear (weapon)
Missiles
 c - 2 throwing nets (quivered)
Armour
 a - a +0 robe (worn)
Scrolls
 b - 3 scrolls of identify {unknown}
 e - a scroll of enchant weapon {unknown}
 f - a scroll of immolation {unknown}


   Skills:
 - Level 3.0 Dodging
 - Level 3.0 Stealth
 + Level 3.3 Spellcasting
 + Level 3.5 Ice Magic


You had 6 spell levels left.
You knew the following spells:

 Your Spells              Type           Power        Failure   Level
a - Freeze                Ice            ##..         4%          1

Your spell library contained the following spells:

 Spells                   Type           Power        Failure   Level
 Frozen Ramparts          Ice            ##....       13%         3
 Ozocubu's Armour         Ice            ##......     13%         3
 Hailstorm                Conj/Ice       #.......     65%         4
 Summon Ice Beast         Ice/Summ       #.......     65%         4


Dungeon Overview and Level Annotations

Branches:
Dungeon (1/15)

Altars:


Innate Abilities, Weirdness & Mutations

You are very small and have problems with some larger weapons.
You are too small for most types of armour.
You have supernaturally acute eyesight. (SInv)
You cover ground extremely quickly.


Message History

You see here a scroll labeled COF JOLLES.
A goblin and a gnoll come into view.
The hobgoblin shouts!
The gnoll shouts!
You hear a shout!
A kobold comes into view.
The gnoll hits you from afar with a +0 spear.
A rat comes into view.
The goblin shouts!
The bat misses you. The gnoll closely misses you.
Casting: Freeze (safe; 4% risk of failure)
Confirm with . or Enter, or press ? or * to list all spells.
Aiming: Freeze (safe; 4% risk of failure)
Press: ? - help, Shift-Dir - straight line, f - gnoll
Aim: a gnoll, wielding a +0 spear You freeze the gnoll.
The gnoll is lightly wounded.
The bat hits you.
A bat comes into view.
The gnoll hits you with a +0 spear!
Ouch! That really hurt!
You die...

#####>..............P...
#..........###......PPPP
#...†......# #...)....).
#.........)# #....######
#..........# #....#
#####.###### #....# #?#
#....# #.#############
#..@g..........
......g............#
........b..........######
...................'.....
.r..g..............######
...................#
........K.#######.##
####b.....# #####.#######
#............


You could see a gnoll, a hobgoblin, a goblin, 2 bats, a kobold and a rat.

Vanquished Creatures
  A dart slug (D:1)
  A giant cockroach (D:1)
  A goblin (D:1)
  A hobgoblin (D:1)
  A bat (D:1)
  2 frilled lizards (D:1)
  A kobold (D:1)
  6 rats (D:1)
14 creatures vanquished.

Notes
Turn   | Place    | Note
-------+----------+-------------------------------------------
     0 | D:1      | GordonOverkill the Spriggan Ice Elementalist began the
                  | quest for the Orb.
     0 | D:1      | Reached XP level 1. HP: 9/9 MP: 5/5
   440 | D:1      | Reached XP level 2. HP: 13/13 MP: 0/7
   808 | D:1      | Slain by a gnoll

Illustrated notes

Levels and vault maps discovered:
D:1:      lemuel_arrival_room, layout_basic, minmay_hedge_maze,
          hangedman_decor_riveting

Skill      XL: |  1 |
---------------+----+-----
Spellcasting   | 3 |  3.3
Dodging        | |  3.0
Stealth        | |  3.0
Ice Magic      | |  3.5

Action                   || total
-------------------------++-------
Melee: Dagger            ||     7
 Cast: Freeze            ||    25
Armor: Robe              ||     6
Dodge: Dodged            ||    23

Table legend: (Time is in decaauts)
 A = Elapsed time spent in this place.
 B = Non-inter-level travel time spent in this place.
 C = Inter-level travel time spent in this place.
 D = Time resting spent in this place.
 E = Time spent auto-exploring this place.
 F = Levels seen in this place.
 G = Mean time per level.
                   A        B        C        D        E       F      G
               +--------+--------+--------+--------+--------+-----+--------+
         Total |    670 |    670 |      0 |    320 |    243 |   1 |  670.0 |
       Dungeon |    670 |    670 |      0 |    320 |    243 |   1 |  670.0 |
               +--------+--------+--------+--------+--------+-----+--------+

Top non-repeatable levels by time:
     D:1: 670 daAuts
